 Dungeon Crawl Stone Soup version 0.18.1-6-gd335043 (webtiles) character file.

48 mopl the Sneak (level 3, -4/25 HPs)
             Began as a Vampire Transmuter on May 17, 2016.
             Slain by a hobgoblin
             ... wielding a +0 club
              (7 damage)
             ... on level 2 of the Dungeon.
             The game lasted 00:01:57 (1457 turns).

mopl the Sneak (Vampire Transmuter)                 Turns: 1457, Time: 00:01:57

Health: -4/25      AC:  2    Str:  9    XL:     3   Next: 50%
Magic:  6/6        EV: 12    Int: 15    God:
Gold:   99         SH:  0    Dex: 15    Spells: 2 memorised, 3 levels left

rFire  . . .     SeeInvis +     i - -1 dagger (curse)
rCold  + . .     Gourm    .     b - +0 robe
rNeg   + + .     Faith    .     (no shield)
rPois  +         Spirit   .     (no helmet)
rElec  .         Dismiss  .     (no cloak)
rCorr  .         Reflect  .     (no gloves)
SustAt .         Harm     .     (no boots)
MR     .....                    (no amulet)
Stlth  +++.......               (no ring)
                                (no ring)

@: regenerating slowly, not resistant to hostile enchantments, fairly stealthy
A: fangs 3, see invisible, unbreathing
a: Bat Form


You were on level 2 of the Dungeon.
You were very thirsty.

You visited 1 branch of the dungeon, and saw 2 of its levels.

You collected 99 gold pieces.

Inventory:

Hand Weapons
 i - a cursed -1 dagger (weapon)
 m - a +0 long sword
Missiles
 a - 45 arrows
 h - 6 tomahawks (quivered)
 j - 31 poisoned needles
 l - 2 javelins
Armour
 b - a +0 robe (worn)
Jewellery
 e - an uncursed ring of ice
Scrolls
 f - 2 scrolls of identify {unknown}
 n - a scroll of teleportation {unknown}
 o - a scroll of immolation {unknown}
 p - a scroll of random uselessness {unknown}
Potions
 d - 8 potions of blood
 g - a potion of curing {unknown}
 k - a potion of cancellation {unknown}
Books
 c - a book of Changes

   Spells                             Type                      Level
   a - Beastly Appendage              Transmutation                1
   b - Sticks to Snakes               Transmutation                2
   c - Spider Form                    Transmutation/Poison         3
   d - Ice Form                       Ice/Transmutation            4
   e - Blade Hands                    Transmutation                5


   Skills:
 - Level 0.8 Fighting
 + Level 1.2 Short Blades
 - Level 2.1 Dodging
 * Level 4.6 Stealth
 - Level 3.2 Unarmed Combat
 - Level 2.0 Spellcasting
 - Level 2.1 Transmutations


You had 3 spell levels left.
You knew the following spells:

 Your Spells              Type           Power        Failure   Level  Hunger
a - Beastly Appendage     Trmt           #.....       12%         1    #......
w - Sticks to Snakes      Trmt           #.......     14%         2    ###....


Dungeon Overview and Level Annotations

Branches:
Dungeon (2/15)

Altars:


Innate Abilities, Weirdness & Mutations

You heal slowly.
You have razor-sharp teeth.
You have supernaturally acute eyesight.
You can survive without breathing.


Message History

The hobgoblin is severely wounded.
The hobgoblin hits you but does no damage.
You hit the hobgoblin but do no damage.
You bite the hobgoblin, but do no damage.
The hobgoblin is severely wounded.
The hobgoblin closely misses you.
You hit the hobgoblin but do no damage.
The hobgoblin is severely wounded.
The hobgoblin hits you with a club.
* * * LOW HITPOINT WARNING * * *
You hit the hobgoblin but do no damage.
The hobgoblin is heavily wounded.
The hobgoblin hits you with a club.
* * * LOW HITPOINT WARNING * * *
You hit the hobgoblin but do no damage.
The hobgoblin is heavily wounded.
You hit the hobgoblin.
The hobgoblin is severely wounded.
The hobgoblin hits you with a club!
You die...

##...##..... #.....#
##. #####...## ### #
........# ....##
######.## # ..#..# #.#
#.###.#..#
##'###.#........#
##...##.......g.#
##.....## #@#
#.......######$##
#$........#...$..###
+...........#.........
#..........###...#####
##.......#..#...##
##.....###...###
##..<## ##.## ##+##
#.#


You could see a hobgoblin.

Vanquished Creatures
  An adder (D:2)
  2 oozes
  A worm (D:2)
  A giant gecko (D:2)
  3 giant cockroaches
  2 goblins (D:2)
  3 hobgoblins
  A jackal (D:1)
  A kobold (D:1)
  9 bats
  4 giant newts
28 creatures vanquished.

Notes
Turn   | Place    | Note
--------------------------------------------------------------
     0 | D:1      | mopl the Vampire Transmuter began the quest for the Orb.
     0 | D:1      | Reached XP level 1. HP: 14/14 MP: 3/3
   110 | D:1      | Reached skill level 1 in Stealth
   258 | D:1      | Reached skill level 2 in Stealth
   304 | D:1      | Reached XP level 2. HP: 14/20 MP: 5/5
   308 | D:1      | Learned a level 2 spell: Sticks to Snakes
   316 | D:1      | Reached skill level 3 in Stealth
  1117 | D:2      | Reached skill level 4 in Stealth
  1134 | D:2      | Reached XP level 3. HP: 25/25 MP: 6/6
  1154 | D:2      | Reached skill level 1 in Short Blades
  1457 | D:2      | Slain by a hobgoblin

Skill      XL: |  1  2  3 |
---------------+----------+-----
Stealth        | 2 4 |  4.6
Short Blades   | 1 |  1.2
Fighting       | |  0.8
Dodging        | |  2.1
Unarmed Combat | |  3.2
Spellcasting   | |  2.0
Transmutations | |  2.1

Action                   || total
-------------------------++-------
Melee: Unarmed           ||    39
       Bite              ||    10
       Dagger            ||    75
       Punch             ||     2
 Stab: Sleeping          ||     7
Armor: Robe              ||    32
Dodge: Dodged            ||    81
